cohdb
Replays
Latest Replays
All Replays
Popular Replays
Top Player Replays
Match Explorer
How It Works
Community
CoH3 Stats
Reddit
Sign in to upload your games and track your stats! →
Sign in with Steam
Match 43545822
Unlisted
Match 43545822
Overview
Messages
Build Orders
End
Construct Weapon Support Center
Selects Heavy Weapons
Scout Squad
M1919 Machine Gun Team
Bazooka Squad
M1919 Machine Gun Team
Infantry Support Center
M1919 Machine Gun Team
M3 Armored Personnel Carrier
Selects Assault Carriers
Bazooka Squad
M3 Assault Carrier
Advanced Logistics
M3 Assault Carrier
Selects Exchangeable Parts
Engineer Squad
M3 Assault Carrier
Engineer Squad
Bismarck
BUBBA_ACTUAL
JollyRedRockett
Damacles
Bacon
pupil3030
Starsilver
A Quick Workaround
0
0
Comments
sign in to comment!
No comments posted yet!